 Dungeon Crawl Stone Soup version 0.21.1-1-g345015f (webtiles) character file.

111 crasatator the Ogre Mage (level 4, -1/39 HPs)
             Began as an Ogre Wizard on May 1, 2018.
             Slain by a jackal (2 damage)
             ... on level 2 of the Dungeon.
             The game lasted 00:10:39 (2926 turns).

crasatator the Ogre Mage (Ogre Wizard)              Turns: 2926, Time: 00:10:39

Health: -1/39      AC:  3    Str: 12    XL:     4   Next: 92%
Magic:  1/11       EV: 10    Int: 19    God:
Gold:   69         SH:  0    Dex:  7    Spells: 4/13 levels left

rFire    . . .     SeeInvis .   p - +0 halberd (flame)
rCold    . . .     Gourm    .   (shield currently unavailable)
rNeg     . . .     Faith    .   a - +0 robe
rPois    .         Spirit   .   b - +0 hat
rElec    .         Reflect  .   (no cloak)
rCorr    .         Harm     .   (gloves unavailable)
MR       .....                  (boots unavailable)
Stlth    +.........             (no amulet)
HPRegen  0.13/turn              (no ring)
MPRegen  0.12/turn              (no ring)

@: no status effects
A: large, unfitting armour, tough skin 1
a: no special abilities


You were on level 2 of the Dungeon.
You were not hungry.

You visited 1 branch of the dungeon, and saw 2 of its levels.

You collected 69 gold pieces.

Inventory:

Hand Weapons
 j - a +0 dagger
 m - a +0 whip
 n - a +0 short sword
 o - a +0 club
 p - a +0 halberd of flaming (weapon)
Missiles
 k - 58 stones (quivered)
Armour
 a - a +0 robe (worn)
 b - a +0 hat (worn)
Scrolls
 e - 6 scrolls of identify
 h - a scroll of immolation {unknown}
 i - a scroll of enchant weapon {unknown}
 q - a scroll of noise {unknown}
Potions
 f - a potion of haste {unknown}
 g - a potion of heal wounds
 l - a potion of degeneration {unknown}
 r - a potion of cancellation {unknown}
 s - a potion of magic {unknown}
Books
 c - a book of Minor Magic

   Spells                             Type                      Level
   a - Magic Dart                     Conjuration                  1
   b - Blink                          Translocation                2
   c - Call Imp                       Summoning                    2
   d - Slow                           Hexes                        2
   e - Conjure Flame                  Conjuration/Fire             3
   f - Mephitic Cloud                 Conjuration/Poison/Air       3
Comestibles
 d - 2 rations


   Skills:
 - Level 1.3 Maces & Flails
 + Level 0.6 Polearms
 + Level 2.0 Dodging
 + Level 1.6 Stealth
 - Level 0.3 Unarmed Combat
 + Level 5.1 Spellcasting
 + Level 1.4 Conjurations
   Level 0.8 Summonings
 + Level 0.9 Translocations


You had 4 spell levels left.
You knew the following spells:

 Your Spells              Type           Power        Failure   Level  Hunger
a - Magic Dart            Conj           ##..         7%          1    None
b - Blink                 Tloc           N/A          13%         2    #......
c - Mephitic Cloud        Conj/Pois/Air  #.......     30%         3    ##.....
d - Conjure Flame         Conj/Fire      #.......     26%         3    ##.....


Dungeon Overview and Level Annotations

Branches:
Dungeon (2/15)

Altars:


Innate Abilities, Weirdness & Mutations

You are too large for most types of armour.
You have tough skin. (AC +1)


Message History

The jackal bites you.
* * * LOW HITPOINT WARNING * * *
Casting: Magic Dart
Confirm with . or Enter, or press ? or * to list all spells.
Aiming: Magic Dart
Press: ? - help, Shift-Dir - straight line, f/p - jackal
Aim: a jackal The magic dart hits the jackal.
The jackal is heavily wounded.
The jackal bites you.
* * * LOW HITPOINT WARNING * * *
You closely miss the jackal.
The jackal is heavily wounded.
The jackal bites you but does no damage.
The jackal closely misses you.
You completely miss the jackal.
The jackal is heavily wounded.
The jackal bites you but does no damage.
The jackal bites you.
You die...

#.#####.#######.# ##.# #.#.....#
#.#########.# #.#.#####
#.#.......... #.#.# #.#...<......
#.#.# #.#.......... #.#.#
#.#.......... #######.#.#
#............
#.......#.#######################
#.#######.......@h............†..
#.#.# #..######################
#.#.#####..#...###########
#.#........#.............#
#.#.######.#.............#
#.#.#...<.....(..........#
#.#.#.####.##............#
#.#.#.# #...............# #.#.#.#
####............#


You could see a jackal.

Vanquished Creatures
  4 gnolls (D:2)
  3 adders (D:2)
  2 worms (D:2)
  A leopard gecko (D:1)
  2 ball pythons
  2 giant cockroaches (D:1)
  7 goblins
  4 hobgoblins
  5 jackals
  A quokka (D:2)
  5 bats
  2 frilled lizards
  4 kobolds (D:1)
  3 rats
45 creatures vanquished.

Notes
Turn   | Place    | Note
-------+----------+-------------------------------------------
     0 | D:1      | crasatator the Ogre Wizard began the quest for the Orb.
     0 | D:1      | Reached XP level 1. HP: 16/16 MP: 5/5
   126 | D:1      | Reached skill level 4 in Spellcasting
   155 | D:1      | Reached XP level 2. HP: 24/24 MP: 2/7
   677 | D:1      | Reached XP level 3. HP: 23/31 MP: 0/9
   995 | D:2      | Learned a level 2 spell: Blink
   999 | D:2      | Learned a level 3 spell: Mephitic Cloud
  1079 | D:2      | Reached skill level 1 in Maces & Flails
  1398 | D:2      | Learned a level 3 spell: Conjure Flame
  1590 | D:2      | Reached skill level 1 in Conjurations
  1753 | D:2      | Reached XP level 4. HP: 28/39 MP: 6/10
  2884 | D:2      | Reached skill level 5 in Spellcasting
  2924 | D:2      | HP: 1/39 [jackal (1)]
  2926 | D:2      | Slain by a jackal

Skill      XL: |  1  2  3  4 |
---------------+-------------+-----
Spellcasting   | 4 5 |  5.1
Maces & Flails | 1 |  1.3
Conjurations   | 1 |  1.4
Dodging        | 2 |  2.0
Polearms       | |  0.6
Stealth        | |  1.6
Unarmed Combat | |  0.3
Summonings     | |  0.8
Translocations | |  0.9

Action                   |  1- 3 |  4- 6 || total
-------------------------+-------+-------++-------
Melee: Unarmed           |     8 |       ||     8
       Whip              |    15 |       ||    15
       Club              |    20 |       ||    20
       Halberd           |    13 |    26 ||    39
 Cast: Magic Dart        |    69 |    62 ||   131
       Mephitic Cloud    |     1 |       ||     1
       Blink             |     1 |       ||     1
  Use: Scroll            |     1 |       ||     1
  Eat: Chunk             |     2 |     4 ||     6
Armor: Robe              |    34 |    21 ||    55
Dodge: Dodged            |    45 |    27 ||    72
